 Dungeon Crawl Stone Soup version 0.20.1-1-g8b1a95d (webtiles) character file.

1284 Blomdor the Cleaver (level 8, -13/60 HPs)
             Began as a Barachi Venom Mage on Sept 21, 2017.
             Was a Follower of Cheibriados.
             Mangled by an orc warrior
             ... wielding a +0 glaive
              (26 damage)
             ... on level 6 of the Dungeon.
             The game lasted 00:14:28 (6304 turns).

Blomdor the Cleaver (Barachi Venom Mage)            Turns: 6304, Time: 00:14:29

Health: -13/60     AC:  8    Str: 14    XL:     8   Next: 55%
Magic:  11/11      EV: 12    Int: 18    God:    Cheibriados [*.....]
Gold:   155        SH:  5    Dex: 14    Spells: 10/11 levels left

rFire    . . .     SeeInvis .   w - +1 hand axe (chop)
rCold    . . .     Gourm    .   t - +0 buckler
rNeg     . . .     Faith    .   d - +0 scale mail (curse)
rPois    .         Spirit   .   (no helmet)
rElec    .         Reflect  .   f - +0 cloak
rCorr    .         Harm     .   n - +0 pair of gloves
MR       .....                  (no boots)
Stlth    +.........             o - amulet of magic regeneration
Regen    0.2/turn               D - +2 ring of evasion
MPRegen  0.2/turn               u - ring of wizardry

@: can't hop, very slow
A: +LOS, swims, slowness 1, strong legs 1
a: Hop, Bend Time, Renounce Religion


You were on level 6 of the Dungeon.
You worshipped Cheibriados.
Cheibriados was aware of your devotion.
You were not hungry.

You visited 2 branches of the dungeon, and saw 7 of its levels.

You collected 293 gold pieces.
You spent 138 gold pieces at shops.

Inventory:

Hand Weapons
 w - a +1 hand axe of chopping (weapon)
 z - a +0 war axe
Missiles
 E - a throwing net (quivered)
Armour
 d - a cursed +0 scale mail (worn)
 f - a +0 cloak (worn)
 n - a +0 pair of gloves (worn)
 t - a +0 buckler (worn)
Jewellery
 o - an amulet of magic regeneration (around neck)
 s - an uncursed ring of magical power
 u - a ring of wizardry (right hand)
 D - a +2 ring of evasion (left hand)
Wands
 v - a wand of confusion (17/48)
 C - a wand of lightning (0/15)
Scrolls
 q - 3 scrolls of enchant armour
 x - 2 scrolls of enchant weapon
 y - a scroll of fog
 B - a scroll of magic mapping
Potions
 e - a potion of lignification
 g - 2 potions of curing
 h - 2 potions of mutation
 l - 2 potions of might
 m - a potion of flight
 p - a potion of berserk rage
 r - 3 potions of haste
 A - 3 potions of resistance
Books
 b - a Young Poisoner's Handbook

   Spells                             Type                      Level
   a - Sting                          Conjuration/Poison           1
   b - Poisonous Vapours              Poison/Air                   2
   c - Mephitic Cloud                 Conjuration/Poison/Air       3
   d - Olgreb's Toxic Radiance        Poison                       4
   e - Venom Bolt                     Conjuration/Poison           5
Comestibles
 a - 10 chunks of flesh
 c - 8 bread rations
 i - 2 meat rations
 j - 2 royal jellies


   Skills:
 + Level 4.0 Fighting
 * Level 8.7 Axes
 + Level 2.5 Armour
 + Level 2.6 Dodging
 - Level 1.7 Stealth
 - Level 4.0 Shields
 - Level 2.1 Spellcasting
 - Level 1.1 Conjurations
 - Level 3.2 Poison Magic


You had 10 spell levels left.
You knew the following spells:

 Your Spells              Type           Power        Failure   Level  Hunger
a - Sting                 Conj/Pois      #...         12%         1    #......


Dungeon Overview and Level Annotations

Branches:
Dungeon (6/15)             Temple (1/1) D:5

Altars:
Cheibriados
Dithmenos
Gozag
Hepliaklqana
Makhleb
Nemelex Xobeh
Ru
Sif Muna
Uskayaw
Vehumet
Yredelemnul
Zin
The Shining One

Shops:
D:5 ?   D:6 =


Innate Abilities, Weirdness & Mutations

Shadows flee at your approach. (+LOS)
You can swim through water.
You cover ground slowly.
You can hop short distances.


Message History

Press: ? - help, Shift-Dir - straight line, f - orc warrior
Aim: an orc warrior, wielding a glaive and wearing a plate armour (severely wounded, chance to defeat MR: 46%)
The orc warrior appears confused.
Evoking this partially-identified wand wasted a few charges.
Evoke which item? (* to show all) (? for menu, Esc to quit)
Aiming: Lightning Bolt (will waste charges)
Press: ? - help, Shift-Dir - straight line, f/p - orc warrior
Aim: an orc warrior, wielding a glaive and wearing a plate armour (sparse dust, severely wounded, confused) Nothing appears to happen.
You feel much better. The orc warrior closely misses you.
You hit the orc warrior.
The orc warrior is severely wounded.
You hit the orc warrior but do no damage.
The orc warrior is severely wounded.
The orc warrior hits you with a glaive!!
* * * LOW HITPOINT WARNING * * *
The orc warrior seems less confused.
The orc warrior hits you from afar with a glaive!!
You die...

............# ####
............# ............#
..##...##...# ####'####...#
## .).)...#....# ###### ...
.......#....###+###....##....
.......#..........o........#
..<....#........@..........#
.......#..........))?..#####
#####..##.####...##....#
#####+# ######....# .........
.......!##..# ....##....# ##
..... #....# .... #.>...


You could see an orc warrior.

Vanquished Creatures
  Grinder (D:3)
  An ogre (D:4)
  A centaur (D:5)
  Blork the orc (D:6)
  2 bullfrogs
  A scorpion (D:4)
  A crimson imp (D:5)
  A howler monkey (D:5)
  2 orc priests (D:4)
  A bullfrog skeleton (D:4)
  Crazy Yiuf (D:2)
  An iguana (D:4)
  5 orc wizards
  5 worker ants
  10 adders
  A shadow imp (D:6)
  An ooze (D:3)
  2 worms
  An adder skeleton (D:4)
  5 dart slugs
  2 leopard geckos
  14 orcs
  A ball python (D:3)
  5 giant cockroaches
  8 goblins
  8 hobgoblins
  2 quokkas
  8 bats
  2 frilled lizards (D:1)
  8 kobolds
  8 rats
110 creatures vanquished.

Notes
Turn   | Place    | Note
-------+----------+-------------------------------------------
     0 | D:1      | Blomdor the Barachi Venom Mage began the quest for the Orb.
     0 | D:1      | Reached XP level 1. HP: 13/13 MP: 3/3
   216 | D:1      | Reached skill level 1 in Fighting
   234 | D:1      | Reached XP level 2. HP: 17/22 MP: 5/5
   965 | D:2      | Found a faded altar of an unknown god.
  1007 | D:2      | Reached XP level 3. HP: 23/29 MP: 6/6
  1274 | D:2      | Reached skill level 1 in Armour
  1396 | D:2      | Reached XP level 4. HP: 27/36 MP: 7/7
  1652 | D:2      | Found a runed door.
  1728 | D:2      | Found a hazy altar of Hepliaklqana.
  1787 | D:2      | Noticed Crazy Yiuf
  1810 | D:2      | Killed Crazy Yiuf
  1810 | D:2      | Reached skill level 1 in Axes
  1979 | D:2      | Reached skill level 2 in Axes
  2069 | D:3      | Reached XP level 5. HP: 35/42 MP: 8/8
  2593 | D:3      | Noticed Grinder
  2624 | D:3      | Killed Grinder
  2624 | D:3      | Reached skill level 5 in Axes
  2624 | D:3      | Reached XP level 6. HP: 19/48 MP: 9/9
  2847 | D:3      | Found a radiant altar of Vehumet.
  2847 | D:3      | Found a basalt altar of Yredelemnul.
  2847 | D:3      | Found a shadowy altar of Dithmenos.
  3238 | D:3      | Reached skill level 1 in Shields
  3351 | D:3      | Reached skill level 6 in Axes
  3351 | D:3      | Reached XP level 7. HP: 37/53 MP: 10/10
  4176 | D:4      | Reached skill level 7 in Axes
  4936 | D:5      | Entered Level 5 of the Dungeon
  4984 | D:5      | Found Muweutru's Magic Scroll Shop.
  4993 | D:5      | Bought a scroll of enchant weapon for 90 gold pieces
  4993 | D:5      | Bought a scroll of identify for 24 gold pieces
  4993 | D:5      | Bought a scroll of identify for 24 gold pieces
  5009 | D:5      | Found a staircase to the Ecumenical Temple.
  5019 | Temple   | Entered the Ecumenical Temple
  5058 | Temple   | Became a worshipper of Cheibriados the Contemplative
  5118 | D:5      | Reached XP level 8. HP: 55/60 MP: 11/11
  5456 | D:5      | Reached skill level 8 in Axes
  6141 | D:6      | Found Sopumi's Jewellery Boutique.
  6194 | D:6      | Noticed Blork the orc
  6218 | D:6      | Killed Blork the orc
  6218 | D:6      | Reached * piety under Cheibriados
  6304 | D:6      | Mangled by an orc warrior

Skill      XL: |  1  2  3  4  5  6  7  8 |
---------------+-------------------------+-----
Fighting       | 1 3 4 |  4.0
Armour         | 1 2 |  2.5
Axes           | 2 5 6 7 8 |  8.7
Shields        | 1 3 4 |  4.0
Dodging        | |  2.6
Stealth        | |  1.7
Spellcasting   | |  2.1
Conjurations   | |  1.1
Poison Magic   | |  3.2

Action                   |  1- 3 |  4- 6 |  7- 9 || total
-------------------------+-------+-------+-------++-------
Melee: Short sword       |   112 |    38 |       ||   150
       Unarmed           |     9 |       |       ||     9
       Hand axe          |       |   147 |   259 ||   406
 Cast: Sting             |    12 |    13 |    15 ||    40
 Abil: Hop               |       |       |     1 ||     1
Evoke: Wand              |       |       |     7 ||     7
  Use: Potion            |       |     4 |     1 ||     5
       Scroll            |       |     7 |     8 ||    15
 Stab: Sleeping          |     2 |     1 |     4 ||     7
       Distracted        |       |     1 |       ||     1
  Eat: Chunk             |     2 |     7 |    12 ||    21
Armor: Robe              |    15 |    49 |    27 ||    91
       Skin              |       |     4 |       ||     4
       Scale mail        |       |       |    17 ||    17
Dodge: Dodged            |    70 |    95 |   122 ||   287
Block: Buckler           |       |    16 |    37 ||    53
